| TOP OF THE 1ST |
|
Colorado (EL) Rockies batting - Pitching for Pensacola Blue Wahoos : RHP Kevin Nabity
|
|
Pitching: RHP Kevin Nabity
|
|
|
Batting: RHB John Michener
|
0-0: Ball 1-0: Fly out, F6 (Flyball, 6D, EV 93.1 MPH)
|
|
Batting: RHB Matt Fabre
|
0-0: Ground out 5-3 (Groundball, 56, EV 103.8 MPH)
|
|
Batting: SHB Jon Munoz
|
0-0: Ground out U3 (Groundball, 34S, EV 69.4 MPH)
|
| Top of the 1st over - 0 runs, 0 hits, 0 errors, 0 left on base; Colorado (EL) 0 - Pensacola 0 |
| BOTTOM OF THE 1ST |
|
Pensacola Blue Wahoos batting - Pitching for Colorado (EL) Rockies : RHP Jim Bruley
|
|
Pitching: RHP Jim Bruley
|
|
|
Batting: RHB Jon Marquez
|
0-0: Called Strike 0-1: Fly out, F8 (Flyball, 8LM, EV 73.1 MPH)
|
|
Batting: RHB Pedro Pinero
|
0-0: Called Strike 0-1: Swinging Strike 0-2: Foul Ball, location: 2F 0-2: Strikes out swinging
|
|
Batting: LHB Steven Wamble
|
0-0: Ball 1-0: Ball 2-0: Ball 3-0: Called Strike 3-1: Fly out, F8 (Flyball, 8LM, EV 76.9 MPH)
|
| Bottom of the 1st over - 0 runs, 0 hits, 0 errors, 0 left on base; Colorado (EL) 0 - Pensacola 0 |
| TOP OF THE 2ND |
|
Colorado (EL) Rockies batting - Pitching for Pensacola Blue Wahoos : RHP Kevin Nabity
|
|
Batting: LHB Tony Ponce
|
0-0: Ball 1-0: Ball 2-0: Ground out 6-3 (Groundball, 4M, EV 89.4 MPH)
|
|
Batting: RHB Matt Wheaton
|
0-0: Ground out 6-3 (Groundball, 6, EV 78.1 MPH)
|
|
Batting: RHB R.J. Anchondo
|
0-0: SINGLE (Groundball, 34D, EV 97.5 MPH)
|
|
Batting: RHB Max Schellekens
|
0-0: Ball 1-0: Foul Ball, location: 2F 1-1: Foul Ball, location: 2F 1-2: Fly out, F7 (Flyball, 7LM, EV 92.5 MPH)
|
| Top of the 2nd over - 0 runs, 1 hit, 0 errors, 1 left on base; Colorado (EL) 0 - Pensacola 0 |
| BOTTOM OF THE 2ND |
|
Pensacola Blue Wahoos batting - Pitching for Colorado (EL) Rockies : RHP Jim Bruley
|
|
Batting: RHB Joseph Kirchmann
|
0-0: Called Strike 0-1: Foul Ball, location: 2F 0-2: Strikes out swinging
|
|
Batting: LHB Manny Ruvalcaba
|
0-0: Called Strike 0-1: Ground out 4-3 (Groundball, 34, EV 103.8 MPH)
|
|
Batting: RHB Tony Diaz
|
0-0: Fly out, F7 (Flyball, 78D, EV 95.0 MPH)
|
| Bottom of the 2nd over - 0 runs, 0 hits, 0 errors, 0 left on base; Colorado (EL) 0 - Pensacola 0 |
| TOP OF THE 3RD |
|
Colorado (EL) Rockies batting - Pitching for Pensacola Blue Wahoos : RHP Kevin Nabity
|
|
Batting: SHB Chris Besselman
|
0-0: Swinging Strike 0-1: Ball 1-1: Ball 2-1: SOLO HOME RUN (Flyball, 9D, EV 101.9 MPH), Distance : 396 ft
|
|
Batting: RHB Nick Rang
|
0-0: Ball 1-0: Ball 2-0: Foul Ball, location: 2F 2-1: Reached on error, E2 (Groundball, 2R, EV 68.8 MPH)
|
|
Batting: RHB John Michener
|
0-0: Ball 1-0: Foul Ball, location: 2F 1-1: Ball 2-1: Foul Ball, location: 2F 2-2: Foul Ball, location: 2F 2-2: Grounds into double play, 4-6-3 (Groundball, 34, EV 82.5 MPH)
|
|
Batting: RHB Matt Fabre
|
0-0: Swinging Strike 0-1: Foul Ball, location: 2F 0-2: Foul Ball, location: 2F 0-2: Ball 1-2: Ball 2-2: Ball 3-2: Base on Balls
|
|
Batting: SHB Jon Munoz
|
0-0: Ball Matt Fabre steals 2nd base 1-0: Ball 2-0: Ball 3-0: Fly out, F6 (Popup, 5D, EV 70.0 MPH)
|
| Top of the 3rd over - 1 run, 1 hit, 1 error, 1 left on base; Colorado (EL) 1 - Pensacola 0 |
| BOTTOM OF THE 3RD |
|
Pensacola Blue Wahoos batting - Pitching for Colorado (EL) Rockies : RHP Jim Bruley
|
|
Batting: RHB Danny Powell
|
0-0: Ball 1-0: Ball 2-0: Ball 3-0: Called Strike 3-1: SINGLE (Groundball, 4MD, EV 106.9 MPH)
|
|
Batting: SHB Jared Thomas
|
0-0: Ball Wild Pitch! Danny Powell to second 1-0: Ball 2-0: Ball 3-0: Called Strike 3-1: Ground out 4-3 (Groundball, 34, EV 85.6 MPH) Danny Powell to third
|
|
Batting: RHB Jose Caraballo
|
0-0: Ball 1-0: Ball 2-0: Ball 3-0: Swinging Strike 3-1: Foul Ball, location: 2F 3-2: Foul Ball, location: 2F 3-2: Strikes out swinging, 2-3 out at first.
|
|
Batting: RHB Jon Marquez
|
0-0: Ground out 4-3 (Groundball, 4, EV 87.5 MPH)
|
| Bottom of the 3rd over - 0 runs, 1 hit, 0 errors, 1 left on base; Colorado (EL) 1 - Pensacola 0 |
| TOP OF THE 4TH |
|
Colorado (EL) Rockies batting - Pitching for Pensacola Blue Wahoos : RHP Kevin Nabity
|
|
Batting: LHB Tony Ponce
|
0-0: Ball 1-0: Ball 2-0: Called Strike 2-1: Ball 3-1: Ground out 5-3 (Groundball, 5L, EV 85.6 MPH)
|
|
Batting: RHB Matt Wheaton
|
0-0: Called Strike 0-1: Ground out 6-3 (Groundball, 6, EV 86.9 MPH)
|
|
Batting: RHB R.J. Anchondo
|
0-0: Ball 1-0: Ball 2-0: Fly out, F9 (Flyball, 9LM, EV 110.0 MPH)
|
| Top of the 4th over - 0 runs, 0 hits, 0 errors, 0 left on base; Colorado (EL) 1 - Pensacola 0 |
| BOTTOM OF THE 4TH |
|
Pensacola Blue Wahoos batting - Pitching for Colorado (EL) Rockies : RHP Jim Bruley
|
|
Batting: RHB Pedro Pinero
|
0-0: Fly out, F3 (Line Drive, 3, EV 71.2 MPH)
|
|
Batting: LHB Steven Wamble
|
0-0: Ball 1-0: Ball 2-0: Called Strike 2-1: Foul Ball, location: 2F 2-2: Ball 3-2: SOLO HOME RUN (Line Drive, 9D, EV 106.9 MPH) (Inside the Park)
|
|
Batting: RHB Joseph Kirchmann
|
0-0: Ground out 6-3 (Groundball, 56, EV 86.9 MPH)
|
|
Batting: LHB Manny Ruvalcaba
|
0-0: Swinging Strike 0-1: Swinging Strike 0-2: Ball 1-2: Strikes out swinging
|
| Bottom of the 4th over - 1 run, 1 hit, 0 errors, 0 left on base; Colorado (EL) 1 - Pensacola 1 |
| TOP OF THE 5TH |
|
Colorado (EL) Rockies batting - Pitching for Pensacola Blue Wahoos : RHP Kevin Nabity
|
|
Batting: RHB Max Schellekens
|
0-0: Ball 1-0: Foul Ball, location: 2F 1-1: Ball 2-1: Called Strike 2-2: SINGLE (Line Drive, 4MD, EV 98.1 MPH)
|
|
Batting: SHB Chris Besselman
|
0-0: Ball 1-0: Fly out, F8 (Flyball, 8RM, EV 70.0 MPH)
|
|
Batting: RHB Nick Rang
|
0-0: Ball 1-0: Swinging Strike 1-1: Fly out, F4 (Popup, 4, EV 51.9 MPH)
|
|
Batting: RHB John Michener
|
0-0: Ball 1-0: Swinging Strike 1-1: SINGLE (Groundball, 34D, EV 100.0 MPH) Max Schellekens to second Runner from 2nd tries for 3rd, OUT! 9-5
|
| Top of the 5th over - 0 runs, 2 hits, 0 errors, 1 left on base; Colorado (EL) 1 - Pensacola 1 |
| BOTTOM OF THE 5TH |
|
Pensacola Blue Wahoos batting - Pitching for Colorado (EL) Rockies : RHP Jim Bruley
|
|
Batting: RHB Tony Diaz
|
0-0: Swinging Strike 0-1: Called Strike 0-2: Ball 1-2: Strikes out swinging
|
|
Batting: RHB Danny Powell
|
0-0: Ball 1-0: SINGLE (Groundball, 34D, EV 94.4 MPH)
|
|
Batting: SHB Jared Thomas
|
0-0: Called Strike 0-1: Ball 1-1: Ball 2-1: Called Strike Danny Powell steals 2nd, throwing error, E2 Danny Powell to third 2-2: Strikes out swinging
|
|
Batting: RHB Jose Caraballo
|
0-0: Ball 1-0: Ball 2-0: Called Strike 2-1: Ground out 6-3 (Groundball, 6S, EV 69.4 MPH)
|
| Bottom of the 5th over - 0 runs, 1 hit, 1 error, 1 left on base; Colorado (EL) 1 - Pensacola 1 |
| TOP OF THE 6TH |
|
Colorado (EL) Rockies batting - Pitching for Pensacola Blue Wahoos : RHP Kevin Nabity
|
|
Batting: RHB Matt Fabre
|
0-0: Called Strike 0-1: Fly out, F9 (Flyball, 9LS, EV 88.8 MPH)
|
|
Batting: SHB Jon Munoz
|
0-0: Ball 1-0: Ground out 6-3 (Groundball, 6, EV 88.1 MPH)
|
|
Batting: LHB Tony Ponce
|
0-0: Called Strike 0-1: Ball 1-1: Foul Ball, location: 2F 1-2: Strikes out looking
|
| Top of the 6th over - 0 runs, 0 hits, 0 errors, 0 left on base; Colorado (EL) 1 - Pensacola 1 |
| BOTTOM OF THE 6TH |
|
Pensacola Blue Wahoos batting - Pitching for Colorado (EL) Rockies : RHP Jim Bruley
|
|
Batting: RHB Jon Marquez
|
0-0: Ball 1-0: Swinging Strike 1-1: Called Strike 1-2: Ground out 4-3 (Groundball, 4, EV 85.6 MPH)
|
|
Batting: RHB Pedro Pinero
|
0-0: SINGLE (Line Drive, 89M, EV 95.0 MPH)
|
|
Batting: LHB Steven Wamble
|
0-0: Called Strike 0-1: Ball 1-1: Ball 2-1: DOUBLE (Line Drive, 8RXD, EV 106.2 MPH) Pedro Pinero to third
|
|
Batting: RHB Joseph Kirchmann
|
0-0: Ball 1-0: Ball 2-0: Ball 3-0: Called Strike 3-1: Foul Ball, location: 2F 3-2: Strikes out swinging
|
|
Batting: LHB Manny Ruvalcaba
|
0-0: Ball 1-0: Swinging Strike 1-1: Foul Ball, location: 2F 1-2: Strikes out swinging
|
| Bottom of the 6th over - 0 runs, 2 hits, 0 errors, 2 left on base; Colorado (EL) 1 - Pensacola 1 |
| TOP OF THE 7TH |
|
Colorado (EL) Rockies batting - Pitching for Pensacola Blue Wahoos : RHP Kevin Nabity
|
|
Batting: RHB Matt Wheaton
|
0-0: Ball 1-0: Ball 2-0: SINGLE (Groundball, 5D, EV 108.8 MPH)
|
|
Batting: RHB R.J. Anchondo
|
0-0: Ball 1-0: Ball 2-0: Foul Ball, location: 2F 2-1: Ball 3-1: Swinging Strike 3-2: Foul Ball, location: 2F 3-2: Foul Ball, location: 2F 3-2: Foul Ball, location: 2F 3-2: Base on Balls Matt Wheaton to second
|
|
Batting: RHB Max Schellekens
|
0-0: Fly out, F9 (Flyball, 9D, EV 93.1 MPH) Runner from 2nd tags up, SAFE at 3rd, no throw by RF
|
|
Batting: SHB Chris Besselman
|
0-0: Called Strike 0-1: SINGLE (Groundball, 4MD, EV 105.0 MPH) Matt Wheaton scores R.J. Anchondo to second Runner from 2nd tries for 3rd, SAFE, throw by CF made to third
|
|
Batting: RHB Nick Rang
|
0-0: Swinging Strike 0-1: Ball 1-1: Called Strike 1-2: SINGLE (Line Drive, 34, EV 110.0 MPH) R.J. Anchondo scores Chris Besselman to second
|
|
Batting: RHB John Michener
|
0-0: Called Strike 0-1: 3-RUN HOME RUN (Flyball, 78XD, EV 99.4 MPH), Distance : 413 ft
|
|
Pitching: LHP Brian Whittall
|
|
|
Batting: RHB Matt Fabre
|
0-0: Foul Ball, location: 2F 0-1: Ball 1-1: Ball 2-1: SINGLE (Groundball, 6MD, EV 98.8 MPH)
|
|
Batting: SHB Jon Munoz
|
0-0: Called Strike Matt Fabre steals 2nd base 0-1: 2-RUN HOME RUN (Flyball, 7LD, EV 95.0 MPH), Distance : 356 ft
|
|
Batting: LHB Tony Ponce
|
0-0: Called Strike 0-1: Foul Ball, location: 2F 0-2: Strikes out swinging
|
|
Pinch Hitting: RHB Justin Pellman
|
0-0: Foul Ball, location: 2F 0-1: SINGLE (Line Drive, 4M, EV 105.6 MPH)
|
|
Batting: RHB R.J. Anchondo
|
0-0: Called Strike 0-1: Ball 1-1: Ball 2-1: SINGLE (Line Drive, 8LS, EV 93.8 MPH) Justin Pellman to second
|
|
Batting: RHB Max Schellekens
|
0-0: Fly out, F9 (Flyball, 89S, EV 79.4 MPH)
|
| Top of the 7th over - 7 runs, 8 hits, 0 errors, 2 left on base; Colorado (EL) 8 - Pensacola 1 |
| BOTTOM OF THE 7TH |
|
Pensacola Blue Wahoos batting - Pitching for Colorado (EL) Rockies : RHP Jim Bruley
|
|
Now in RF: Justin Pellman
|
|
|
Batting: RHB Tony Diaz
|
0-0: Called Strike 0-1: Ground out 5-3 (Groundball, 15, EV 80.0 MPH)
|
|
Pinch Hitting: LHB Jason Pirkle
|
0-0: Ball 1-0: Foul Ball, location: 2F 1-1: Swinging Strike 1-2: Ball 2-2: Strikes out swinging
|
|
Batting: SHB Jared Thomas
|
0-0: Foul Ball, location: 2F 0-1: Ground out 6-3 (Groundball, 6, EV 97.5 MPH)
|
| Bottom of the 7th over - 0 runs, 0 hits, 0 errors, 0 left on base; Colorado (EL) 8 - Pensacola 1 |
| TOP OF THE 8TH |
|
Colorado (EL) Rockies batting - Pitching for Pensacola Blue Wahoos : LHP Brian Whittall
|
|
Now at 1B: Ernie Noiles
|
|
|
Batting: SHB Chris Besselman
|
0-0: Called Strike 0-1: Ball 1-1: Ball 2-1: Foul Ball, location: 2F 2-2: Ball 3-2: Fly out, F7 (Flyball, 7LD, EV 83.1 MPH)
|
|
Batting: RHB Nick Rang
|
0-0: Ball 1-0: Fly out, F7 (Line Drive, 7D, EV 96.9 MPH)
|
|
Batting: RHB John Michener
|
0-0: Foul Ball, location: 2F 0-1: Ball 1-1: Swinging Strike 1-2: Ground out 3-1 (Groundball, 34, EV 106.9 MPH)
|
| Top of the 8th over - 0 runs, 0 hits, 0 errors, 0 left on base; Colorado (EL) 8 - Pensacola 1 |
| BOTTOM OF THE 8TH |
|
Pensacola Blue Wahoos batting - Pitching for Colorado (EL) Rockies : RHP Jim Bruley
|
|
Batting: RHB Jose Caraballo
|
0-0: Foul Ball, location: 2F 0-1: Called Strike 0-2: Ball 1-2: Ball 2-2: Strikes out swinging
|
|
Pitching: RHP Mike Wilkins
|
|
|
Batting: RHB Jon Marquez
|
0-0: Ball 1-0: Ground out 4-3 (Groundball, 4S, EV 85.0 MPH)
|
|
Batting: RHB Pedro Pinero
|
0-0: Called Strike 0-1: Ball 1-1: Ball 2-1: Ground out 6-3 (Groundball, 6S, EV 68.1 MPH)
|
| Bottom of the 8th over - 0 runs, 0 hits, 0 errors, 0 left on base; Colorado (EL) 8 - Pensacola 1 |
| TOP OF THE 9TH |
|
Colorado (EL) Rockies batting - Pitching for Pensacola Blue Wahoos : LHP Brian Whittall
|
|
Batting: RHB Matt Fabre
|
0-0: Ball 1-0: Ball 2-0: Swinging Strike 2-1: Foul Ball, location: 2F 2-2: Ground out 6-3 (Groundball, 6, EV 86.2 MPH)
|
|
Batting: SHB Jon Munoz
|
0-0: Called Strike 0-1: Ball 1-1: SINGLE (Flyball, 4MD, EV 91.2 MPH)
|
|
Batting: LHB Tony Ponce
|
0-0: Ball 1-0: Called Strike 1-1: Ball 2-1: SINGLE (Groundball, 34D, EV 100.0 MPH) Jon Munoz to second
|
|
Batting: RHB Justin Pellman
|
0-0: Foul Ball, location: 2F 0-1: Ball 1-1: Fly out, F5 (Popup, 5SF, EV 74.4 MPH)
|
|
Batting: RHB R.J. Anchondo
|
0-0: Called Strike 0-1: Fielders Choice at 2nd, 6-4 (Groundball, 6, EV 85.6 MPH)
|
| Top of the 9th over - 0 runs, 2 hits, 0 errors, 2 left on base; Colorado (EL) 8 - Pensacola 1 |
| BOTTOM OF THE 9TH |
|
Pensacola Blue Wahoos batting - Pitching for Colorado (EL) Rockies : RHP Mike Wilkins
|
|
Batting: LHB Steven Wamble
|
0-0: Ground out U3 (Groundball, 3S, EV 78.8 MPH)
|
|
Batting: RHB Joseph Kirchmann
|
0-0: Ball 1-0: Ball 2-0: Swinging Strike 2-1: SOLO HOME RUN (Flyball, 7D, EV 95.6 MPH), Distance : 368 ft
|
|
Batting: LHB Manny Ruvalcaba
|
0-0: Ball 1-0: Called Strike 1-1: Ball 2-1: Foul Ball, location: 2F 2-2: Strikes out looking
|
|
Batting: RHB Tony Diaz
|
0-0: Ball 1-0: Called Strike 1-1: Ball 2-1: Ball 3-1: Called Strike 3-2: Foul Ball, location: 2F 3-2: Foul Ball, location: 2F 3-2: Strikes out swinging
|
| Bottom of the 9th over - 1 run, 1 hit, 0 errors, 0 left on base; Colorado (EL) 8 - Pensacola 2 |
|